 Dungeon Crawl Stone Soup version 0.32-a0-732-ga344392067 (webtiles) character file.

Game seed: 501421772751860797

656257 NotYourErnst the Ruinous (level 27, -26/228 HPs)
             Began as a Demonspawn Alchemist on Mar 9, 2024.
             Was an Initiate of Gozag.
             Annihilated by a protean progenitor (54 damage)
             ... on level 14 of a ziggurat on Mar 16, 2024.
             The game lasted 1 day 00:58:05 (102939 turns).

NotYourErnst the Ruinous (DsAl)               Turns: 102939, Time: 1 , 00:58:06

Health: -26/228    AC: 21    Str: 15    XL:     27
Magic:  28/45      EV: 23    Int: 34    God:    Gozag
Gold:   2140       SH: 13    Dex: 27    Spells: 0/62 levels left

rFire   + + +        a - +8 rapier of Qojaecu {speed, rF+ rC+ SInv Stlth+, @w1}
rCold   + + .        j - +1 buckler of the Avant Garde God {Str+3 Dex+3 Stlth+}
rNeg    + + .        e - +3 robe of Clouds {*Thunder rCloud rElec}
rPois   +            w - +2 hat "Qybuh" {rN+}
rElec   +            K - scarf {rC+ rF+}
rCorr   +            (gloves unavailable)
SInv    +            n - +1 pair of boots of Lugonu {rElec Regen+ rCorr Str-2}
Will    +++..        d - amulet of the Secret Bones {*Slow rC- RegenMP+ rCorr Int+8}
Stlth   ++++++++     s - ring of Vyilueqe {Fly rN+ Int+5}
HPRegen 1.38/turn    x - ring "Rorch" {Wiz rPois Dex+5}
MPRegen 0.69/turn

%: slow self (1%), wizardry (x1)
@: mighty, resistant (expiring), gold aura, fragile (+50% incoming damage),
flying, slightly contaminated, silenced, unable to read
A: claws 3, rugged brown scales 3, hurl damnation, icemail 2, spiny 3, torment
resistance 1, condensation shield, demonic willpower, thin skeletal structure 1,
screaming 1, electricity resistance, wild magic 1, inability to read after
injury 1
}: 4/15 runes: decaying, slimy, silver, gossamer
a: Hurl Damnation, Renounce Religion


You were on level 14 of a ziggurat.
You worshipped Gozag.
Gozag was most pleased with you.
You visited 11 branches of the dungeon, and saw 52 of its levels.
You visited 1 ziggurat, and saw 14 of its levels.
You also visited: Bailey, Gauntlet and Wizlab.

You collected 31214 gold pieces.
You spent 9406 gold pieces at shops.
You paid 19668 gold pieces to Gozag.

Inventory:

Hand Weapons
 a - the +8 rapier of Qojaecu (weapon) {speed, rF+ rC+ SInv Stlth+, @w1}
   (You bought it in a shop on level 11 of the Dungeon)

   rF+:       It protects you from fire.
   rC+:       It protects you from cold.
   SInv:      It lets you see invisible.
   Stlth+:    It makes you more stealthy.
 q - the +11 flail of Vikaly {flame, rC+ MP+9 Str+3}
   (You took it off an ogre mage on level 5 of the Vaults)

   Str+3:     It affects your strength (+3).
   rC+:       It protects you from cold.
   MP+9:      It affects your magic capacity (+9).
 C - the +1 hand axe of the Nexus {freeze, rElec rF++}
   (You found it on level 11 of the Dungeon)

   rF++:      It greatly protects you from fire.
   rElec:     It insulates you from electricity.
 S - the +9 hand cannon of Breach {penet, Str+7}
   (You found it on level 4 of the Depths)

   Str+7:     It affects your strength (+7).
Missiles
 T - 20 curare-tipped darts
 Y - 8 silver javelins
Armour
 e - the +3 robe of Clouds (worn) {*Thunder rCloud rElec}
   (You took it off a Cloud Mage in a wizard's laboratory)

   *Thunder:  It occasionally creates storm clouds above nearby enemies.
   rCloud:    It grants its wearer immunity to clouds.
   rElec:     It insulates you from electricity.
 j - the +1 buckler of the Avant Garde God (worn) {Str+3 Dex+3 Stlth+}
   (You took it off a hell knight on level 4 of the Depths)

   Str+3:     It affects your strength (+3).
   Dex+3:     It affects your dexterity (+3).
   Stlth+:    It makes you more stealthy.
 n - the +1 pair of boots of Lugonu (worn) {rElec Regen+ rCorr Str-2}
   (You found it on level 5 of the Lair of Beasts)

   Str-2:     It affects your strength (-2).
   rElec:     It insulates you from electricity.
   Regen+:    It increases your rate of health regeneration.
   rCorr:     It protects you from acid and corrosion.
 w - the +2 hat "Qybuh" (worn) {rN+}
   (You found it on level 4 of the Spider Nest)

   rN+:       It protects you from negative energy.
 K - a scarf of resistance (worn)
Magical Staves
 c - the staffair "Ollem" {^Fragile rElec rN+ Summ Ice Air}
   (You found it on level 12 of a ziggurat)

   [staff of air]

   Base accuracy: +5 Base damage: 5 Base attack delay: 1.2 This weapon's minimum
   attack delay (0.6) is reached at skill level 12.
   rElec:     It insulates you from electricity.
   rN+:       It protects you from negative energy.
   ^Fragile:  It will be destroyed if unequipped.
   Summ:      It increases the power of your Summonings spells.
   Ice:       It increases the power of your Ice spells.
   Air:       It increases the power of your Air spells.
   It falls into the 'Staves' category.
   It is a one-handed weapon.
 g - the staffconjuration "Xehaf" {rPois MP+9 Conj}
   (You found it on level 13 of a ziggurat)

   [staff of conjuration]

   Base accuracy: +5 Base damage: 5 Base attack delay: 1.2 This weapon's minimum
   attack delay (0.6) is reached at skill level 12.
   rPois:     It protects you from poison.
   MP+9:      It affects your magic capacity (+9).
   Conj:      It increases the power of your Conjurations spells.
   It falls into the 'Staves' category.
   It is a one-handed weapon.
 B - the staffair "Acarine's Bane" {rElec Int+3 Dex+3 Air}
   (You found it on level 8 of a ziggurat)

   [staff of air]

   Base accuracy: +5 Base damage: 5 Base attack delay: 1.2 This weapon's minimum
   attack delay (0.6) is reached at skill level 12.
   Int+3:     It affects your intelligence (+3).
   Dex+3:     It affects your dexterity (+3).
   rElec:     It insulates you from electricity.
   Air:       It increases the power of your Air spells.
   It falls into the 'Staves' category.
   It is a one-handed weapon.
Jewellery
 d - the amulet of the Secret Bones (around neck) {*Slow rC- RegenMP+ rCorr Int+8}
   (You bought it in a shop on level 2 of the Orcish Mines)

   [amulet of magic regeneration]

   It increases your rate of magic regeneration.
   Int+8:     It affects your intelligence (+8).
   rC-:       It makes you vulnerable to cold.
   rCorr:     It protects you from acid and corrosion.
   *Slow:     It may slow you when you take damage.
   RegenMP+:  It increases your rate of magic regeneration.
 l - the ring of Temptation {Wiz Dex+2 Slay+5}
   (You found it on level 8 of a ziggurat)

   [ring of wizardry]

   Wiz:       It improves your spell success rate.
   Dex+2:     It affects your dexterity (+2).
   Slay+5:    It affects your accuracy & damage with ranged weapons and melee
   (+5).
 s - the ring of Vyilueqe (left claw) {Fly rN+ Int+5}
   (You took it off a deep elf blademaster on level 3 of the Elven Halls)

   [ring of flight]

   Int+5:     It affects your intelligence (+5).
   rN+:       It protects you from negative energy.
   Fly:       It grants you flight.
 x - the ring "Rorch" (right claw) {Wiz rPois Dex+5}
   (You found it on level 5 of the Pits of Slime)

   [ring of wizardry]

   Wiz:       It improves your spell success rate.
   Dex+5:     It affects your dexterity (+5).
   rPois:     It protects you from poison.
 G - the ring of Descent {Fly rF- Dex+2 SInv}
   (You found it on level 11 of a ziggurat)

   [ring of flight]

   Dex+2:     It affects your dexterity (+2).
   rF-:       It makes you vulnerable to fire.
   SInv:      It lets you see invisible.
   Fly:       It grants you flight.
 P - the ring "Retiotol" {rCorr Str+4 Int+6}
   (You found it on level 10 of a ziggurat)

   [ring of resist corrosion]

   Str+4:     It affects your strength (+4).
   Int+6:     It affects your intelligence (+6).
   rCorr:     It protects you from acid and corrosion.
 U - the ring "Dank" {rF++ rN+ EV+5 Stlth-}
   (You found it on level 10 of a ziggurat)

   [ring of evasion]

   EV+5:      It affects your evasion (+5).
   rF++:      It greatly protects you from fire.
   rN+:       It protects you from negative energy.
   Stlth-:    It makes you less stealthy.
Wands
 k - a wand of flame (75) (quivered)
 t - a wand of charming (50)
 u - a wand of mindburst (33)
 v - a wand of iceblast (22)
 A - a wand of polymorph (12)
 N - a wand of digging (28)
 Q - a wand of acid (23)
Scrolls
 h - 3 scrolls of fear
 o - 27 scrolls of teleportation {@r2}
 p - a scroll of immolation
 y - 3 scrolls of enchant weapon
 F - 8 scrolls of poison
 H - 5 scrolls of silence {!r}
 W - 10 scrolls of fog
 Z - a scroll of torment
Potions
 b - 6 potions of mutation
 f - 11 potions of might {@q3}
 i - a potion of invisibility
 m - 5 potions of resistance
 r - a potion of ambrosia
 z - 7 potions of brilliance
 J - 4 potions of cancellation
 M - 14 potions of curing {@q2}
 O - 7 potions of lignification
 R - 3 potions of haste {@q5}
Miscellaneous
 V - a lightning rod (4/4)
 X - a phantom mirror (inert)


   Skills:
 - Level 17.0 Fighting
 - Level 6.9(7.2) Short Blades
 - Level 2.8(5.2) Long Blades
 - Level 5.0 Axes
 - Level 8.0 Ranged Weapons
 - Level 10.0 Armour
 - Level 12.0 Dodging
 - Level 10.0 Stealth
 - Level 9.3 Shields
 - Level 18.0 Spellcasting
 - Level 22.0 Conjurations
 - Level 3.0 Hexes
 - Level 9.0 Summonings
 - Level 10.0 Necromancy
 - Level 3.0 Translocations
 + Level 12.2 Fire Magic
 - Level 6.0 Ice Magic
 * Level 17.2 Air Magic
 - Level 6.0 Earth Magic
 - Level 16.0 Alchemy
 - Level 6.0 Evocations


You couldn't memorise any spells.
You knew the following spells:

 Your Spells              Type           Power      Damage    Failure   Level
a - Scorch                Fire           100%       2d9       1%          2
b - Stone Arrow           Conj/Erth      100%       3d13      1%          3
c - Olgreb's Toxic Radia  Alch           100%       N/A       1%          4
d - Sticky Flame          Fire/Alch      100%       2d15      1%          4
e - Airstrike             Air            56%        2d(9-25)  1%          4
f - Summon Lightning Spi  Summ/Air       100%       N/A       1%          4
g - Fireball              Conj/Fire      56%        3d22      1%          5
h - Vampiric Draining     Necr           91%        2d12      1%          3
i - Apportation           Tloc           100%       N/A       1%          1
j - Yara's Violent Unrav  Hex/Alch       44%        3d17      1%          5
k - Irradiate             Conj/Alch      59%        3d31      1%          5
l - Orb of Destruction    Conj           62%        9d15      1%          7
m - Martyr's Knell        Necr/Summ      89%        N/A       1%          4
n - Spellforged Servitor  Conj/Summ      54%        N/A       1%          7
o - Ignite Poison         Fire/Alch      100%       N/A       1%          4

Your spell library contained the following spells:

 Spells                   Type           Power      Damage    Failure   Level
 Freeze                   Ice            100%       1d10      1%          1
 Magic Dart               Conj           100%       1d8       1%          1
 Necrotise                Necr           100%       1d9       1%          1
 Shock                    Conj/Air       100%       1d9       1%          1
 Sting                    Conj/Alch      100%       1d9       1%          1
 Summon Small Mammal      Summ           100%       N/A       1%          1
 Cigotuvi's Dreadful Rot  Necr/Alch/Air  100%       N/A       1%          2
 Ensorcelled Hibernation  Hex/Ice        100%       N/A       1%          2
 Jinxbite                 Hex            100%       N/A       1%          2
 Lesser Beckoning         Tloc           100%       N/A       1%          2
 Mercury Vapours          Alch/Air       100%       N/A       1%          2
 Searing Ray              Conj           100%       2d8       1%          2
 Static Discharge         Conj/Air       100%       3-8/arc   1%          2
 Sublimation of Blood     Necr           91%        N/A       1%          2
 Dazzling Flash           Conj/Hex       100%       N/A       1%          3
 Frozen Ramparts          Ice            100%       1d16      1%          3
 Fugue of the Fallen      Necr           91%        N/A       1%          3
 Gell's Gravitas          Tloc           60%        N/A       1%          3
 Hailstorm                Conj/Ice       100%       3d16      1%          3
 Inner Flame              Hex/Fire       82%        N/A       1%          3
 Mephitic Cloud           Conj/Alch/Air  100%       N/A       1%          3
 Ozocubu's Armour         Ice            75%        N/A       1%          3
 Summon Ice Beast         Ice/Summ       82%        N/A       1%          3
 Swiftness                Air            100%       N/A       1%          3
 Teleport Other           Tloc           60%        N/A       1%          3
 Tukima's Dance           Hex            60%        N/A       1%          3
 Volatile Blastmotes      Fire/Tloc      100%       2d18      1%          3
 Brom's Barrelling Bould  Conj/Erth      100%       2d11      1%          4
 Dispel Undead            Necr           91%        3d29      1%          4
 Flame Wave               Conj/Fire      100%       2d21      1%          4
 Fulminant Prism          Conj/Alch      59%        3d24      1%          4
 Iskenderun's Mystic Bla  Conj/Tloc      100%       2d19      1%          4
 Leda's Liquefaction      Alch/Erth      47%        N/A       1%          4
 Petrify                  Alch/Erth      95%        N/A       1%          4
 Summon Blazeheart Golem  Fire/Summ      93%        N/A       1%          4
 Vhi's Electric Charge    Tloc/Air       100%       N/A       1%          4
 Alistair's Intoxication  Alch           73%        N/A       1%          5
 Arcjolt                  Conj/Air       59%        1d69      1%          5
 Borgnjor's Vile Clutch   Necr/Erth      42%        N/A       1%          5
 Curse of Agony           Necr           91%        N/A       1%          5
 Iskenderun's Battlesphe  Conj           100%       2d15      1%          5
 Silence                  Hex/Air        46%        N/A       1%          5
 Bombard                  Conj/Erth      52%        9d9       1%          6
 Conjure Ball Lightning   Conj/Air       59%        3x3d21    1%          6
 Eringya's Noxious Bog    Alch           55%        4d6       1%          6
 Plasma Beam              Fire/Air       53%        2x1d68    1%          6
 Sculpt Simulacrum        Ice/Alch       47%        N/A       1%          6
 Starburst                Conj/Fire      56%        6d15      1%          6
 Cause Fear               Hex            30%        N/A       2%          4
 Passage of Golubria      Tloc           60%        N/A       2%          4
 Summon Mana Viper        Hex/Summ       75%        N/A       2%          5
 Death Channel            Necr           45%        N/A       2%          6
 Summon Cactus Giant      Summ           43%        N/A       3%          6
 Metabolic Englaciation   Hex/Ice        34%        N/A       4%          5
 Maxwell's Capacitive Co  Air            56%        ∞         4%          8
 Permafrost Eruption      Ice/Erth       37%        2x4d11    11%         6
 Monstrous Menagerie      Summ           43%        N/A       16%         7
 Lehudib's Crystal Spear  Conj/Erth      52%        10d12     16%         8
 Chain Lightning          Conj/Air       59%        3d79      24%         9
 Malign Gateway           Summ/Tloc      37%        N/A       45%         7
 Ozocubu's Refrigeration  Ice            37%        4d15      45%         7
 Fire Storm               Conj/Fire      56%        8d14      52%         9
 Summon Horrible Things   Summ           43%        N/A       71%         8
 Enfeeble                 Hex            30%        N/A       82%         7
 Discord                  Hex            30%        N/A       100%        8
 Disjunction              Tloc           30%        N/A       100%        8
 Death's Door             Necr           45%        N/A       100%        9
 Dragon's Call            Summ           43%        N/A       100%        9
 Animate Dead             Necr           Unusable   N/A       N/A         4

Dungeon Overview and Level Annotations

Branches:
Dungeon (15/15)            Temple (1/1) D:7            Lair (5/5) D:11
  Swamp (4/4) Lair:2       Spider (4/4) Lair:3        Slime (5/5) Lair:4
    Orc (2/2) D:9             Elf (3/3) Orc:2        Vaults (5/5) D:14
  Crypt (0/3) Vaults:3     Depths (4/4) D:15            Zot (4/5) Depths:4
 Bailey (visited)          WizLab (visited)         Gauntlet (visited)

Altars:
Ashenzari
Cheibriados
Dithmenos
Fedhas
Gozag
Hepliaklqana
Kikubaaqudgha
Makhleb
Nemelex Xobeh
Okawaru
Qazlal
Ru
Sif Muna
Trog
Uskayaw
Vehumet
Wu Jian
Xom
Yredelemnul
Beogh
Jiyva

Shops:
D:2 !   D:11 [:([**   Orc:2 =[(!   Elf:3 =   Vaults:3 ([   Vaults:4 *
Vaults:5 =!   Zot:1 !   Depths:1 [   Depths:2 ?

Portals:
Hell: Depths:1 Depths:2 Depths:3 Depths:4
Abyss: Depths:2 Depths:3
Pandemonium: Depths:2

Annotations:
D:12 Skeletal Warrior all destroyed?
Slime:4 exclusion: upstairs
Elf:2 3 runed translucent doors, exclusion: 3 doors
Depths:2 3 runed translucent doors, exclusion: 3 doors, Deaqeck's ghost, veteran DgCj; Heokhletz's ghost, veteran OnGl
Zot:1 3 transporters, Uzask's ghost, master HuWn


Innate Abilities, Weirdness & Mutations

You have claws for hands.
You are completely covered in rugged brown scales. (AC +3, +7% HP)
You can hurl damnation.
A meltable icy envelope protects you from harm. (AC +8)
You are completely covered in sharp spines.
You are resistant to unholy torment.
A meltable shield of frost defends you. (SH +4)
You punish those that try to bend your will. (Will+)
You have a somewhat thin skeletal structure. (Dex +2, Stealth+)
You occasionally shout uncontrollably at your foes.
You are resistant to electric shocks. (rElec)
Your spells are a little harder to cast, but a little more powerful.
You occasionally lose the ability to read scrolls when taking damage.


Message History

A merfolk, an apocalypse crab, an azure jelly and 2 protean progenitors come into view.
You start to feel less resistant.
The Killer Klown blinks!
You regained 8 hp, and now have 19/228 hp.
Special offer from our strategic business partner Gozag: Potion Petition!
Press: ? - help, v - describe, . - travel The floor.
This square is shrouded in silence.
Special offer from our strategic business partner Gozag: Potion Petition!
You feel a little less clever now.
The Brimstone Fiend is distracted by your dazzling golden aura.
The Killer Klown blinks!
The cyan very ugly thing completely misses you.
Caonit gestures.
The dungeon shakes, a horrible noise fills the air, and a portal to some otherworldly place is opened!
Special offer from our strategic business partner Gozag: Potion Petition!
You feel better.
Storm clouds gather above the cyan very ugly thing.
The protean progenitor is distracted by your dazzling golden aura.
The azure jelly is distracted by your dazzling golden aura.
The Killer Klown pies you viciously! The klown pie misses you.
The klown pie hits the merfolk!!!
Cherry!
The merfolk looks more vulnerable to fire.
You block the protean progenitor's attack.
The Killer Klown blinks!
The protean progenitor is distracted by your dazzling golden aura.
The cyan very ugly thing is engulfed in a thunderstorm.
The cyan very ugly thing basks in your mutagenic energy and changes!
An eldritch tentacle comes into view.
You regained 8 hp, and now have 28/228 hp.
Special offer from our strategic business partner Gozag: Potion Petition!
Special offer from our strategic business partner Gozag: Potion Petition!
The azure jelly quivers.
You puncture the merfolk!
You kill the merfolk!
The merfolk's shape twists and changes as it dies.
The protean progenitor is no longer distracted by gold.
The protean progenitor tail-slaps you!!!
You die...
Your body crumbles into a pile of gold.

▓▓▓▓▓▓▓▓▓▓▓
.....C$@..▓▓
.....tCup..▓
......J&u...▓▓
......1.&.Cp.▓▓
..........Sl..▓▓
........l.C....▓▓
...w....C.....∩.▓
..............$▓▓
............$▓▓


You could see Beemin, Caonit (silencing, unsilenced), 2 Killer Klowns, an
eldritch tentacle, 2 very ugly things, a Brimstone Fiend (unsilenced), an azure
jelly, 5 protean progenitors, 2 alligators, a shock serpent (unsilenced) and an
apocalypse crab (unsilenced).

Vanquished Creatures
  Dissolution (Slime:2)
  the Royal Jelly (Slime:5)
  2 dread liches
  An orb of fire (Zot:1)
  An ancient lich (Vaults:5)
  Bai Suzhen (Vaults:2)
  2 Killer Klowns
  3 caustic shrikes
  2 curse toes
  10 golden dragons
  2 doom hounds (Zot:1)
  An iron giant (Zig:13)
  2 Tzitzimimeh (Depths:4)
  A Cloud Mage (WizLab)
  3 Hell Sentinels
  2 electric golems (Zot:3)
  16 tentacled monstrosities
  Jorgrun (Swamp:1)
  3 Ice Fiends (Zig:12)
  2 liches (Depths:3)
  Rupert (Lair:3)
  Mlioglotl (Spider:3)
  6 quicksilver dragons
  Grunn (Zot:1)
  A deep elf blademaster (Elf:3)
  A walking divine tome (Depths:4)
  A deep elf master archer (Elf:3)
  2 titans (Vaults:5)
  18 acid blobs
  8 sphinxes
  4 death cobs
  A kraken (Swamp:4)
  An ancient champion (Zig:6)
  Kirke (D:13)
  8 shadow dragons
  4 tengu reavers
  A thorn hunter (Depths:3)
  Aizul (Spider:3)
  4 storm dragons
  6 fire giants
  A nagaraja (Zig:9)
  10 draconian monks
  11 rockslimes
  6 draconian knights
  2 iron dragons (Vaults:5)
  13 azure jellies
  3 protean progenitors
  6 emperor scorpions
  5 deep elf sorcerers
  8 draconian shifters
  6 frost giants
  3 narguns (Zig:12)
  16 vault wardens
  4 draconian scorchers
  Louise (Spider:3)
  4 deep elf elementalists
  7 ghost moths
  The ghost of Motium the Unseen, an adept SpEn of Uskayaw (Spider:3)
  A ghoul (Zig:6)
  25 ironbound preservers
  5 draconian stormcallers
  The ghost of MirrMurr the Basher, a journeyman OnWr of the Shining One (Lair:3)
  7 draconian annihilators
  8 green draconians
  8 very ugly things
  7 ironbound thunderhulks
  13 stone giants
  2 broodmothers (Spider:1)
  11 quicksilver oozes
  3 spriggan defenders
  6 eleionomae
  22 formless jellyfish
  7 deep elf demonologists
  2 vampire knights
  9 deep elf death magi
  13 purple draconians
  15 spark wasps
  The ghost of Anuggach the Carver, a journeyman CoWr of Okawaru (Lair:5)
  2 putrid mouths
  12 black draconians
  3 bunyips
  6 red draconians
  10 yellow draconians
  4 wendigos (Zig:12)
  10 white draconians
  16 dire elephants
  4 blizzard demons (WizLab)
  8 ettins
  2 eidola (Zig:8)
  3 jiangshi (Depths:1)
  8 fire dragons
  5 entropy weavers
  9 yaktaur captains
  A shambling mangrove (Swamp:2)
  5 deep elf high priests
  8 great orbs of eyes
  30 vault guards
  5 ghost crabs
  A caustic shrike simulacrum (Zig:12)
  Erolcha (D:13)
  12 ironbound frosthearts
  3 salamander tyrants (Zig:9)
  An anaconda (Depths:3)
  2 radroaches (Spider:1)
  22 hydras
  9 alligators
  22 centaur warriors
  5 two-headed ogres
  5 ice dragons
  2 ogre magi
  6 boulder beetles
  2 catoblepae
  A merfolk avatar (Lair:5)
  4 spriggan air magi
  2 death knights
  16 dancing weapons
  3 jorogumos
  2 death scarabs (Zig:4)
  2 deep troll shamans (Depths:4)
  A tengu warrior (Depths:2)
  7 deep troll earth magi
  6 demonic crawlers
  10 death yaks
  3 vampire magi
  3 shock serpents (WizLab)
  3 occultists
  4 orc high priests (Vaults:3)
  3 spriggan berserkers
  15 deep elf knights
  3 crystal echidnas
  8 skysharks
  6 hell knights
  A shadow wraith (Vaults:5)
  5 skeletal warriors (D:12)
  A spectral ghost moth (Spider:3)
  Sonja (D:11)
  3 soul eaters
  2 sea snakes
  Lodul (D:13)
  4 iron trolls (Depths:4)
  60 deep trolls
  2 goliath frogs (Swamp:4)
  9 pharaoh ants
  A mana viper (shapeshifter) (Vaults:2)
  5 deep elf archers
  8 swamp dragons
  2 spriggan druids
  2 flayed ghosts
  A bog body (Swamp:1)
  6 death drakes (WizLab)
  7 glowing orange brains
  6 arcanists
  A tengu zombie (Vaults:4)
  A spectral broodmother (Spider:3)
  A steelbarb worm (shapeshifter) (Depths:2)
  17 orb spiders
  4 orange crystal statues (Zig:5)
  3 phantasmal warriors
  3 steelbarb worms
  9 orc knights
  6 lindwurms
  16 wolf spiders
  A harpy (Vaults:2)
  15 deep elf zephyrmancers
  17 ironbound convokers
  6 necromancers
  25 ugly things
  An orb spider (shapeshifter) (Vaults:5)
  22 deep elf pyromancers
  A faun (shapeshifter) (Vaults:2)
  Maurice (D:11)
  7 shining eyes
  11 orc sorcerers (Orc:2)
  A spectral radroach (Spider:3)
  2 manticores
  An oklob plant (D:11)
  27 moths of wrath
  A manticore (shapeshifter) (Vaults:5)
  11 elephants
  4 cyclopes
  A human skeleton (Vaults:4)
  8 meliai
  An apocalypse crab (WizLab)
  2 eyes of devastation
  3 naga magi (Zig:9)
  A kobold blastminer (Orc:1)
  6 black mambas
  A guardian serpent (Zig:9)
  A stone giant skeleton (Vaults:4)
  3 emperor scorpion simulacra (Spider:3)
  A guardian serpent (shapeshifter) (Depths:4)
  5 torpor snails
  8 unseen horrors
  16 cane toads
  17 vault sentinels
  A torpor snail (shapeshifter) (Depths:3)
  2 gargoyles
  A hellion (Zig:12)
  A smoke demon (Depths:1)
  17 yaktaurs
  5 rime drakes
  Jeremiah (D:8)
  12 komodo dragons
  An efreet (D:15)
  4 tormentors
  3 freezing wraiths (Vaults:5)
  A golden dragon simulacrum (Depths:1)
  A spark wasp simulacrum (Spider:3)
  A spriggan skeleton (Depths:1)
  2 tengu conjurers
  2 guardian mummies (Zig:4)
  A ghost moth simulacrum (Spider:3)
  8 trolls
  4 polar bears
  A merfolk (shapeshifter) (Zig:14)
  32 tarantellas
  27 hornets
  2 wind drakes (Lair:5)
  6 tyrant leeches
  5 glass eyes
  2 broodmother simulacra (Spider:3)
  2 snapping turtles (Lair:5)
  A dream sheep (shapeshifter) (Vaults:5)
  8 blink frogs
  79 slime creatures
  7 air elementals (WizLab)
  28 jumping spiders
  A vampire (D:10)
  5 water elementals
  11 spriggans
  4 wyverns
  26 culicivoras
  A shadow (D:9)
  4 basilisks
  An ettin skeleton (Vaults:4)
  2 humans (D:14)
  A wraith (D:12)
  4 golden eyes (Slime:3)
  3 wargs
  46 yaks
  4 fire elementals
  9 vampire mosquitoes
  66 redbacks
  5 steam dragons
  9 swamp worms
  Duvessa (D:4)
  Edmund (D:6)
  3 acid dragons
  10 water moccasins
  10 swamp drakes
  22 orc warriors
  A black bear (D:6)
  2 ice beasts
  A sky beast (D:7)
  A boulder beetle simulacrum (Lair:3)
  2 laughing skulls (D:14)
  19 wolves
  17 ogres
  3 centaurs
  3 phantoms
  3 kobold brigands
  12 bullfrogs
  An earth elemental (Elf:1)
  5 scorpions
  2 gnoll sergeants
  Dowan (D:4)
  13 killer bees
  A dream sheep simulacrum (Lair:3)
  A nameless horror (Spider:4)
  5 howler monkeys
  2 rime drake simulacra (Lair:3)
  An electric eel (Lair:5)
  A wyvern simulacrum (Lair:3)
  2 hounds (D:5)
  3 bombardier beetles
  2 jellies
  13 orc priests
  8 iguanas
  37 orc wizards
  Natasha (D:3)
  5 hell rats (Lair:5)
  9 mummies (Zig:4)
  6 gnolls
  9 adders
  2 white imps
  2 ufetubi (D:6)
  A dart slug (D:1)
  6 ribbon worms
  94 orcs
  10 endoplasms
  4 giant cockroaches
  6 hobgoblins
  A quokka (D:1)
  7 ball pythons
  A bat (D:1)
  2 frilled lizards
  16 goblins
  17 kobolds
  4 rats
  4 tentacles (Swamp:4)
2049 creatures vanquished.

Vanquished Creatures (collateral kills)
  Mara (Vaults:2)
  Saint Roka (Vaults:3)
  Nikola (Spider:1)
  the Enchantress (Depths:3)
  A quicksilver dragon (Depths:4)
  2 deep elf blademasters (Elf:3)
  A deep elf master archer (Elf:3)
  An acid blob (Slime:4)
  A shadow dragon (Vaults:5)
  A thorn hunter (Swamp:3)
  A fire giant (Depths:4)
  A fenstrider witch (Swamp:3)
  2 nagarajas (Zig:9)
  3 frost giants
  2 azure jellies
  4 deep elf sorcerers (Elf:3)
  A quicksilver elemental (Zig:13)
  3 vault wardens
  3 emperor scorpions (Spider:1)
  A balrug (Depths:1)
  2 deep elf elementalists
  2 broodmothers
  2 stone giants
  2 ironbound preservers (Vaults:1)
  2 very ugly things
  5 quicksilver oozes
  2 formless jellyfish (Slime:3)
  4 ironbound thunderhulks
  3 deep elf death magi
  3 deep elf demonologists (Elf:3)
  2 eleionomae
  2 bunyips
  A war gargoyle (Vaults:5)
  2 deep elf annihilators (Elf:3)
  A dire elephant (Vaults:3)
  2 ettins
  3 yaktaur captains
  2 shambling mangroves (Swamp:4)
  5 entropy weavers
  2 fire dragons
  A deep elf high priest (Elf:3)
  A vault guard (Vaults:2)
  4 great orbs of eyes
  2 rakshasas (Depths:1)
  5 centaur warriors
  A radroach (Spider:2)
  3 hydras
  4 ironbound frosthearts (Vaults:2)
  2 spriggan air magi
  A deep troll shaman (Depths:3)
  A deep troll earth mage (Depths:2)
  A spriggan berserker (Depths:3)
  A vampire mage (Depths:1)
  A naga sharpshooter (Zig:9)
  A hell knight (Depths:2)
  A demonic crawler (Spider:3)
  2 spriggans
  2 skysharks (Zig:10)
  A pharaoh ant (Spider:3)
  A spectral spark wasp (Spider:3)
  A sea snake (shapeshifter) (Vaults:5)
  A bog body (Swamp:1)
  A deep elf archer (Elf:1)
  15 deep trolls
  4 swamp dragons
  6 goliath frogs
  An arcanist (Vaults:2)
  A mana viper (Zig:9)
  A thermic dynamo (Elf:3)
  A lindwurm (Vaults:2)
  2 harpies (Vaults:2)
  A phantasmal warrior (Vaults:5)
  2 ironbound convokers (Vaults:2)
  3 deep elf pyromancers
  2 wolf spiders (Spider:1)
  A shining eye (Slime:4)
  3 ugly things (Vaults:2)
  A moth of wrath (Spider:2)
  2 vault sentinels
  A guardian serpent (Zig:9)
  2 meliai (Spider:1)
  A frost giant skeleton (Depths:1)
  A smoke demon (Depths:1)
  A torpor snail (Zig:10)
  A cane toad (Zig:10)
  A komodo dragon (Zig:10)
  3 rime drakes (Lair:3)
  An efreet (D:15)
  3 yaktaurs
  A tengu conjurer (Depths:2)
  2 tyrant leeches
  6 hornets
  4 tarantellas
  A glass eye (Slime:4)
  11 slime creatures
  2 jumping spiders
  A culicivora (Spider:2)
  A basilisk (D:15)
  A golden eye (Slime:5)
  3 redbacks
  2 swamp worms (Swamp:1)
  A hydra simulacrum (Lair:3)
  A water moccasin (Zig:10)
  2 swamp drakes
  A nameless horror (Swamp:4)
221 creatures vanquished.

Vanquished Creatures (others)
  A draconian monk (Zig:11)
  A vault warden (Vaults:5)
  A draconian stormcaller (Zig:11)
  A centaur warrior (Vaults:2)
  A deep elf knight (Elf:2)
  3 bloated husks (Swamp:1)
  A fire giant simulacrum (Zig:12)
  A human (D:8)
  An orc (D:15)
  8 tentacles (Swamp:4)
19 creatures vanquished.

Grand Total: 2289 creatures vanquished

Notes
Turn   | Place    | Note
-------+----------+-------------------------------------------
     0 | D:1      | NotYourErnst the Demonspawn Alchemist began the quest for
                  | the Orb.
     0 | D:1      | Reached XP level 1. HP: 13/13 MP: 3/3
   329 | D:1      | Gained mutation: You are partially covered in sharp spines.
                  | [demonic ancestry]
   329 | D:1      | Reached XP level 2. HP: 20/20 MP: 0/5
   628 | D:1      | Found a faded altar of an unknown god.
  1065 | D:1      | Reached XP level 3. HP: 25/25 MP: 6/6
  1180 | D:2      | Found Giry Jepp's General Store.
  1349 | D:2      | Found Lewiserr's Distillery.
  1384 | D:2      | Reached skill level 1 in Fighting
  1874 | D:3      | Found a shimmering blue altar of Sif Muna.
  1945 | D:3      | Filo: Died at the orc mines, fell through a shaft into a
                  | floor full of orcs
  1945 | D:3      | Filo: gg
  1945 | D:3      | Reached XP level 4. HP: 32/32 MP: 2/8
  1945 | D:3      | NotYourErnst: Sorry to hear that. I usually trust in
                  | Olgrebs Toxic Radiance (too much). If that fails, I am in
                  | trouble.
  2330 | D:3      | Gained mutation: You are partially covered in rugged brown
                  | scales. (AC +1, +3% HP) [demonic ancestry]
  2330 | D:3      | Reached XP level 5. HP: 22/38 MP: 6/10
  2726 | D:3      | Noticed Natasha
  2729 | D:3      | Killed Natasha
  2734 | D:3      | Found a blossoming altar of Fedhas.
  2863 | D:4      | Found a broken altar of Ashenzari.
  3075 | D:4      | Noticed Duvessa
  3076 | D:4      | Noticed Dowan
  3094 | D:4      | Killed Duvessa
  3095 | D:4      | Gained mutation: You have sharp fingernails. [demonic
                  | ancestry]
  3095 | D:4      | Reached XP level 6. HP: 22/45 MP: 7/12
  3098 | D:4      | Killed Dowan
  3336 | D:4      | Reached skill level 5 in Alchemy
  3666 | D:5      | Entered Level 5 of the Dungeon
  3723 | D:5      | Reached XP level 7. HP: 52/52 MP: 10/13
  3984 | D:5      | Reached skill level 5 in Spellcasting
  4108 | D:5      | Found a snail-covered altar of Cheibriados.
  4161 | D:5      | Gained mutation: You have very sharp fingernails. [demonic
                  | ancestry]
  4161 | D:5      | Reached XP level 8. HP: 38/59 MP: 16/16
  4703 | D:5      | Learned a level 4 spell: Olgreb's Toxic Radiance
  4927 | D:6      | Found a hide-covered altar of Uskayaw.
  4967 | D:6      | Noticed a +0 hand axe
  4971 | D:6      | Noticed a +0 dagger
  5589 | D:6      | Noticed Edmund
  5589 | D:6      | Found a burning altar of Makhleb.
  5613 | D:6      | Killed Edmund
  5782 | D:6      | Found a shadowy altar of Dithmenos.
  6276 | D:7      | Gained mutation: A meltable shield of frost defends you.
                  | (SH +4) [demonic ancestry]
  6276 | D:7      | Reached XP level 9. HP: 65/69 MP: 19/19
  6321 | D:7      | Reached skill level 5 in Fighting
  6566 | D:7      | Found a staircase to the Ecumenical Temple.
  6608 | Temple   | Entered the Ecumenical Temple
  6642 | Temple   | Became a worshipper of Gozag Ym Sagoz the Greedy
  7266 | D:7      | Found a stormy altar of Qazlal.
  7742 | D:8      | Found an ancient bone altar of Kikubaaqudgha.
  7782 | D:8      | Noticed Jeremiah
  7811 | D:8      | Found a flagged portal.
  7837 | Bailey   | Entered a bailey
  7902 | Bailey   | Learned a level 3 spell: Mephitic Cloud
  8583 | Bailey   | Noticed an orc knight
  8594 | Bailey   | Reached XP level 10. HP: 78/78 MP: 7/22
  8614 | Bailey   | Killed an orc knight
  8872 | Bailey   | Got Sif Muna's Precepts of Nonlocality and Combat Magic
  9243 | D:8      | Killed Jeremiah
  9918 | D:2      | Bought a potion of brilliance for 56 gold pieces
  9918 | D:2      | Bought a potion of degeneration for 14 gold pieces
  9918 | D:2      | Bought 2 potions of heal wounds for 140 gold pieces
  9918 | D:2      | Bought a potion of lignification for 42 gold pieces
  9918 | D:2      | Bought a potion of curing for 42 gold pieces
  9918 | D:2      | Bought a potion of enlightenment for 70 gold pieces
  9918 | D:2      | Bought a potion of mutation for 112 gold pieces
  9958 | D:2      | Bought a scroll of enchant weapon for 97 gold pieces
  9958 | D:2      | Bought a potion of ambrosia for 104 gold pieces
 10182 | D:8      | Reached skill level 10 in Alchemy
 10376 | D:9      | Found a hazy altar of Hepliaklqana.
 10423 | D:9      | Reached skill level 5 in Stealth
 10884 | D:9      | Noticed a two-headed ogre
 10900 | D:9      | Killed a two-headed ogre
 11091 | D:9      | Found a bloodstained altar of Trog.
 11272 | D:9      | Reached XP level 11. HP: 75/86 MP: 12/24
 11375 | D:9      | Found a staircase to the Orcish Mines.
 11554 | D:10     | Entered Level 10 of the Dungeon
 11760 | D:10     | Noticed a two-headed ogre
 11777 | D:10     | Killed a two-headed ogre
 12048 | D:9      | Identified a scroll of acquirement
 12048 | D:9      | Acquired a manual of Alchemy
 12525 | D:2      | Bought a ring of see invisible for 195 gold pieces
 12865 | D:10     | Reached skill level 1 in Fire Magic
 13574 | D:11     | Noticed a two-headed ogre
 13594 | D:11     | Killed a two-headed ogre
 13779 | D:11     | Found Emaqoesk's General Store.
 13798 | D:11     | Noticed an oklob plant
 13808 | D:11     | Found a staircase to the Lair.
 13836 | D:11     | Reached skill level 10 in Spellcasting
 14581 | D:11     | Identified the +1 hand axe of the Nexus {freeze, rElec
                  | rF++}
 14681 | D:11     | Identified the +5 ring mail of a Thousand Defenders
                  | {Rampage}
 14690 | D:11     | Noticed Sonja
 14693 | D:11     | Killed Sonja
 14788 | D:11     | Noticed Maurice
 14809 | D:11     | Killed Maurice
 14978 | D:11     | Learned a level 4 spell: Sticky Flame
 14984 | D:11     | Killed an oklob plant
 15126 | Lair:1   | Entered Level 1 of the Lair of Beasts
 15237 | Lair:1   | Found a gate leading to a gauntlet.
 15245 | Gauntlet | Entered a Gauntlet
 15245 | Gauntlet | Found a transporter.
 15245 | Gauntlet | Found a transporter.
 15269 | Gauntlet | Found a transporter.
 15271 | Gauntlet | Found a transporter.
 15279 | Gauntlet | Found a transporter.
 15282 | Gauntlet | Found a transporter.
 15289 | Gauntlet | Found the +8 pair of quick blades "Gyre" and "Gimble"
                  | {protect}
 15300 | Gauntlet | Found a transporter.
 15300 | Gauntlet | Found the amulet of the Four Winds {rN+ Will+++ Clar}
 15320 | Gauntlet | Found a transporter.
 15322 | Gauntlet | Noticed a hell hog
 15324 | Gauntlet | Found a transporter.
 15327 | Gauntlet | Found a transporter.
 15368 | Gauntlet | Found a transporter.
 15371 | Gauntlet | Found a transporter.
 15624 | Gauntlet | Upgraded the game from 0.32-a0-665-g3d30ec2550 to
                  | 0.32-a0-673-g3729bd50f8
 16393 | Lair:1   | Reached XP level 12. HP: 94/94 MP: 7/26
 17916 | Lair:2   | Found a staircase to the Swamp.
 18853 | Lair:3   | Found a runed translucent gate.
 18853 | Lair:3   | Found a runed translucent gate.
 18853 | Lair:3   | Found a runed translucent gate.
 18886 | Lair:3   | Identified the +6 mace of Joyful Slaughter {spect, rF+
                  | Will+}
 18906 | Lair:3   | Noticed MirrMurr's ghost (journeyman OnWr)
 19466 | Lair:3   | Noticed Rupert
 19473 | Lair:3   | Paralysed by Rupert for 4 turns
 19491 | Lair:3   | Killed Rupert
 19492 | Lair:3   | Reached skill level 5 in Dodging
 19627 | Lair:3   | Found a hole to the Spider Nest.
 19967 | Lair:4   | Noticed a death yak
 20570 | Lair:4   | Noticed a death yak
 20570 | Lair:4   | Noticed a death yak
 20581 | Lair:4   | Killed a death yak
 20589 | Lair:4   | Killed a death yak
 20590 | Lair:4   | Gained mutation: A meltable icy envelope protects you from
                  | harm. (AC +8) [demonic ancestry]
 20590 | Lair:4   | Reached XP level 13. HP: 104/104 MP: 6/28
 20885 | Lair:4   | Reached skill level 15 in Alchemy
 21445 | Lair:4   | Reached skill level 1 in Hexes
 21737 | Lair:4   | Found a staircase to the Slime Pits.
 21906 | Lair:4   | Reached skill level 1 in Air Magic
 22602 | Lair:5   | Entered Level 5 of the Lair of Beasts
 23714 | D:12     | Identified the +5 sling of Dithmenos's Favour {heavy, rPois
                  | rF++ rC+ Str-5}
 24514 | D:13     | Noticed Erolcha
 24533 | D:13     | Killed Erolcha
 24801 | D:12     | Learned a level 4 spell: Airstrike
 24851 | D:13     | Reached skill level 5 in Air Magic
 25547 | D:13     | Noticed Lodul
 25568 | D:13     | Killed Lodul
 25955 | D:13     | Noticed Kirke
 25968 | D:13     | Killed Kirke
 25969 | D:13     | Reached XP level 14. HP: 107/111 MP: 9/30
 26138 | D:13     | Identified the +7 rapier of Unreason {drain, MP+9 Str-3
                  | Int-5 SInv}
 26596 | D:14     | Found an ancient bone altar of Kikubaaqudgha.
 28098 | D:11     | Bought a brightly glowing rapier for 207 gold pieces
 28098 | D:11     | Identified the +8 rapier of Qojaecu {speed, rF+ rC+ SInv
                  | Stlth+} (You bought it in a shop on level 11 of the
                  | Dungeon)
 28872 | Lair:5   | Reached skill level 10 in Air Magic
 28974 | Lair:5   | Reached skill level 1 in Short Blades
 29252 | Lair:4   | Reached skill level 1 in Axes
 29698 | Lair:4   | Reached skill level 1 in Summonings
 30106 | Lair:5   | Identified the +1 pair of boots of Lugonu {rElec Regen+
                  | rCorr Str-2}
 30327 | Lair:5   | Found an ancient bone altar of Kikubaaqudgha.
 30520 | Lair:5   | Found a runed translucent gate.
 31396 | Lair:5   | Found a runed translucent gate.
 31396 | Lair:5   | Found a runed translucent gate.
 31419 | Lair:5   | Noticed Anuggach's ghost (journeyman CoWr)
 31433 | Lair:5   | Reached skill level 1 in Necromancy
 31844 | D:11     | Bought a faintly humming leather armour for 217 gold pieces
 31844 | D:11     | Identified the +0 leather armour of Upezie {Int+5} (You
                  | bought it in a shop on level 11 of the Dungeon)
 31861 | D:11     | Bought a fine robe for 176 gold pieces
 31861 | D:11     | Identified the +2 robe "Woahaof" {Int+3 Stlth+} (You bought
                  | it in a shop on level 11 of the Dungeon)
 31881 | D:11     | Learned a level 4 spell: Summon Lightning Spire
 31887 | D:11     | Learned a level 5 spell: Yara's Violent Unravelling
 31991 | Orc:1    | Entered Level 1 of the Orcish Mines
 33120 | Orc:2    | Entered Level 2 of the Orcish Mines
 33290 | Orc:2    | Found a staircase to the Elven Halls.
 34226 | Orc:2    | Gained mutation: You are mostly covered in sharp spines.
                  | [demonic ancestry]
 34226 | Orc:2    | Reached XP level 15. HP: 114/114 MP: 11/31
 34339 | Orc:2    | Learned a level 3 spell: Vampiric Draining
 34381 | Orc:2    | Reached skill level 5 in Necromancy
 34693 | Orc:2    | Paralysed by an orc sorcerer for 5 turns
 34769 | Orc:2    | Found Sot Lial's Distillery.
 34773 | Orc:2    | Found Icsunyac's Antique Weapon Emporium.
 34875 | Orc:2    | Bought 2 potions of haste for 320 gold pieces
 34875 | Orc:2    | Bought a potion of magic for 128 gold pieces
 34875 | Orc:2    | Bought a potion of invisibility for 128 gold pieces
 34875 | Orc:2    | Bought 2 potions of curing for 96 gold pieces
 34890 | Orc:2    | Found a radiant altar of Vehumet.
 35078 | Orc:2    | Found Vorownos's Antique Armour Emporium.
 35626 | Orc:2    | Found a roughly hewn altar of Beogh.
 35645 | Orc:2    | Found Vothrix's Jewellery Shoppe.
 35691 | Orc:2    | Found an ancient bone altar of Kikubaaqudgha.
 35730 | Orc:2    | Bought a crude ring mail for 216 gold pieces
 35730 | Orc:2    | Identified the +2 ring mail "Vokk" {Regen+ Int+3 Slay+3}
                  | (You bought it in a shop on level 2 of the Orcish Mines)
 36104 | D:2      | Bought a potion of brilliance for 56 gold pieces
 36104 | D:2      | Bought 2 potions of heal wounds for 140 gold pieces
 36104 | D:2      | Bought a potion of curing for 42 gold pieces
 36141 | D:2      | Bought a potion of resistance for 130 gold pieces
 36141 | D:2      | Bought a potion of brilliance for 52 gold pieces
 36141 | D:2      | Bought a potion of heal wounds for 65 gold pieces
 36728 | D:12     | Reached skill level 10 in Fighting
 36728 | D:12     | Reached skill level 1 in Armour
 38083 | D:14     | Found a gate to the Vaults.
 38328 | D:15     | Entered Level 15 of the Dungeon
 38561 | D:15     | Reached skill level 5 in Armour
 40135 | D:15     | Identified the +11 mace of Temperance {flame, rCorr Dex+2}
 40392 | D:15     | Found a staircase to the Depths.
 41054 | Spider:1 | Entered Level 1 of the Spider Nest
 41280 | Spider:1 | Noticed Nikola
 41295 | Spider:1 | Killed Nikola
 41977 | Spider:1 | Noticed an emperor scorpion
 42004 | Spider:1 | Killed an emperor scorpion
 42910 | Swamp:1  | Entered Level 1 of the Swamp
 42910 | Swamp:1  | Noticed Jorgrun
 42918 | Swamp:1  | Killed Jorgrun
 42923 | Swamp:1  | Reached XP level 16. HP: 112/125 MP: 6/32
 43391 | Swamp:1  | Reached skill level 10 in Armour
 43897 | Swamp:1  | Reached skill level 5 in Short Blades
 44093 | Swamp:1  | Reached skill level 2 in Conjurations
 44188 | Swamp:1  | Reached skill level 3 in Conjurations
 44644 | Orc:2    | Bought the amulet of the Secret Bones {*Slow rC- RegenMP+
                  | rCorr Int+8} for 514 gold pieces
 44644 | Orc:2    | Bought a ring of flight for 192 gold pieces
 44716 | Orc:2    | Bought 2 potions of brilliance for 128 gold pieces
 44716 | Orc:2    | Bought a potion of attraction for 48 gold pieces
 45329 | Swamp:2  | Reached skill level 4 in Conjurations
 45440 | Swamp:2  | Reached skill level 5 in Conjurations
 45722 | Swamp:2  | Reached skill level 6 in Conjurations
 45821 | Swamp:2  | Reached skill level 7 in Conjurations
 46559 | Swamp:2  | Reached skill level 8 in Conjurations
 46877 | Swamp:3  | Noticed a thorn hunter
 46898 | Swamp:2  | Learned a level 1 spell: Apportation
 46916 | Swamp:3  | Identified the +6 great sword "Osmevvir" {heavy, rN++
                  | rCorr} (You found it on level 3 of the Swamp)
 47413 | Swamp:3  | Killed a thorn hunter
 47516 | Swamp:3  | Reached skill level 5 in Fire Magic
 48124 | Swamp:4  | Entered Level 4 of the Swamp
 48439 | Swamp:3  | Learned a level 5 spell: Fireball
 49282 | Swamp:4  | Reached XP level 17. HP: 121/131 MP: 17/33
 49773 | Swamp:4  | Reached skill level 9 in Conjurations
 50130 | Swamp:4  | Got a decaying rune of Zot
 50254 | Swamp:4  | Noticed a kraken
 50305 | Swamp:4  | Killed a kraken
 50766 | D:11     | Bought an ichor-stained helmet for 361 gold pieces
 50766 | D:11     | Identified the +2 helmet "Ditoyjud" {-Tele Rampage rPois
                  | Slay+3} (You bought it in a shop on level 11 of the
                  | Dungeon)
 50796 | D:11     | Upgraded the game from 0.32-a0-673-g3729bd50f8 to
                  | 0.32-a0-685-g93135e86f0
 50918 | Elf:1    | Entered Level 1 of the Elven Halls
 50930 | Elf:1    | Reached skill level 10 in Conjurations
 51429 | Elf:1    | HP: 2/131 [+2 heavy halberd (35)]
 52154 | Elf:1    | Identified the ring of Free Will {rC+ Dex+6}
 52985 | Elf:2    | Found a runed translucent gate.
 52988 | Elf:2    | Found a runed translucent gate.
 52988 | Elf:2    | Found a runed translucent gate.
 53095 | Elf:3    | Entered Level 3 of the Elven Halls
 53106 | Elf:3    | Reached skill level 10 in Dodging
 53133 | Elf:3    | Learned a level 2 spell: Scorch
 53138 | Elf:3    | Learned a level 4 spell: Flame Wave
 53239 | Elf:3    | Noticed a Brimstone Fiend
 53268 | Elf:3    | Noticed a Brimstone Fiend
 53435 | Elf:3    | Gained mutation: You punish those that try to bend your
                  | will. (Will+) [demonic ancestry]
 53435 | Elf:3    | Reached XP level 18. HP: 115/138 MP: 18/34
 53449 | Elf:3    | Found Asean's Jewellery Shop.
 53459 | Elf:3    | Bought the ring "Ber Oth" {rN+ Will+ SInv} for 646 gold
                  | pieces
 53984 | Elf:3    | Identified the +2 war axe of the Teaching Viper {holy,
                  | Will+ Int+3}
 54618 | Elf:3    | Identified the amulet "Xig Ibla" {+Inv Regen+}
 54633 | Elf:3    | Identified the +0 scale mail "Tacafo Wimos" {rC+ Int+2
                  | Stlth+}
 54715 | Elf:3    | Learned a level 4 spell: Martyr's Knell
 54725 | Elf:3    | Reached skill level 5 in Axes
 54789 | Elf:3    | Identified the +0 scale mail of Ror Moeta {Rampage Str+3}
 54789 | Elf:3    | Identified the ring of Vyilueqe {Fly rN+ Int+5}
 55062 | Elf:3    | Got Ylezas's Meditations on the Assistive Mesa
 55174 | Elf:3    | Identified the staff of Calculation {^Contam rElec rC+ rN++
                  | rCorr Ice}
 55175 | Elf:3    | Identified the +10 orcbow of a wizard's laboratory {drain,
                  | *Slow Dex+5}
 55966 | Orc:2    | Bought steaming ice dragon scales for 1560 gold pieces
 55966 | Orc:2    | Identified the +1 ice dragon scales of Laudeef {Rampage rF-
                  | rC++ rN++ Will- SInv} (You bought it in a shop on level 2
                  | of the Orcish Mines)
 56614 | Spider:1 | Reached skill level 10 in Necromancy
 57931 | Spider:2 | Reached skill level 15 in Spellcasting
 58525 | Spider:2 | You are sucked into a shaft and drop 1 floor!
 58631 | Spider:3 | Gained mutation: You are resistant to unholy torment.
                  | [demonic ancestry]
 58631 | Spider:3 | Reached XP level 19. HP: 144/144 MP: 17/38
 58925 | Spider:3 | Reached skill level 1 in Earth Magic
 59050 | Spider:3 | Identified the serpent talisman of the Slorg {rN++ Int-5}
 59050 | Spider:3 | Noticed Aizul
 59056 | Spider:3 | Killed Aizul
 59260 | Spider:3 | Found a runed translucent gate.
 59260 | Spider:3 | Found a runed translucent gate.
 59261 | Spider:3 | Found a runed translucent gate.
 59272 | Spider:3 | Noticed Motium's ghost (adept SpEn)
 59691 | Spider:3 | Noticed Louise
 59716 | Spider:3 | Killed Louise
 59717 | Spider:3 | Noticed Mlioglotl
 59726 | Spider:3 | Killed Mlioglotl
 59952 | Spider:4 | Entered Level 4 of the Spider Nest
 59970 | Spider:4 | Reached skill level 5 in Earth Magic
 60682 | Spider:4 | Reached skill level 11 in Conjurations
 60764 | Spider:4 | Reached skill level 1 in Translocations
 61276 | Spider:4 | Identified the +2 hat "Qybuh" {rN+}
 61356 | Spider:4 | Got a gossamer rune of Zot
 61715 | Slime:1  | Entered Level 1 of the Pits of Slime
 61782 | Lair:4   | Learned a level 5 spell: Irradiate
 61786 | Lair:4   | Learned a level 3 spell: Teleport Other
 61891 | Slime:1  | Paralysed by a formless jellyfish for 1 turns
 61896 | Lair:4   | Paralysed by a formless jellyfish for 1 turns
 61981 | Slime:1  | Paralysed by a formless jellyfish for 1 turns
 61984 | Slime:1  | Reached skill level 12 in Conjurations
 62776 | Vaults:1 | Entered Level 1 of the Vaults
 62929 | Vaults:1 | Reached skill level 13 in Conjurations
 63268 | Vaults:1 | Gained mutation: You have claws for hands. [demonic
                  | ancestry]
 63268 | Vaults:1 | Reached XP level 20. HP: 91/151 MP: 31/40
 63466 | Vaults:1 | Reached skill level 14 in Conjurations
 63519 | Vaults:1 | Reached skill level 1 in Evocations
 64096 | Vaults:1 | Identified the +1 pair of boots "Vihuoklat" {rElec rN+
                  | Dex+3}
 64141 | Vaults:1 | Reached skill level 10 in Fire Magic
 64861 | Vaults:1 | Upgraded the game from 0.32-a0-685-g93135e86f0 to
                  | 0.32-a0-699-g1ee5eff69a
 65377 | Vaults:2 | Paralysed by a formless jellyfish for 1 turns
 65888 | Vaults:2 | Noticed Bai Suzhen
 65913 | Vaults:2 | Killed Bai Suzhen
 65972 | Vaults:2 | Noticed Mara
 65975 | Vaults:2 | Noticed NotYourErnst's illusion
 65982 | Vaults:2 | Killed Mara
 67161 | Vaults:2 | Reached skill level 5 in Summonings
 67459 | Vaults:3 | Paralysed by a formless jellyfish for 1 turns
 67463 | Vaults:3 | Paralysed by a formless jellyfish for 1 turns
 67563 | Vaults:3 | Gained mutation: You are mostly covered in rugged brown
                  | scales. (AC +2, +5% HP) [demonic ancestry]
 67563 | Vaults:3 | Reached XP level 21. HP: 58/160 MP: 13/41
 67682 | Vaults:3 | Found a staircase to the Crypt.
 67699 | Vaults:3 | Reached skill level 1 in Long Blades
 67922 | Vaults:3 | Noticed Saint Roka
 67947 | Vaults:3 | Killed Saint Roka
 68168 | Vaults:3 | Found Laol's Antique Weapon Shop.
 68175 | Vaults:3 | Bought a scorched orcbow for 263 gold pieces
 68175 | Vaults:3 | Identified the +5 orcbow of Dissent {flame, rPois MP+9}
                  | (You bought it in a shop on level 3 of the Vaults)
 68530 | Vaults:3 | Reached skill level 1 in Ranged Weapons
 69151 | Vaults:3 | Reached skill level 5 in Ranged Weapons
 70241 | D:11     | Bought a wand of mindburst (7) for 362 gold pieces
 70241 | D:11     | Bought a potion of might for 148 gold pieces
 70916 | Vaults:4 | Found a magical portal.
 70934 | Vaults:4 | Acquired 916 gold pieces
 70941 | WizLab   | Entered The Chambers of the Cloud Mage
 70948 | WizLab   | Paralysed by an air elemental for 1 turns
 70953 | WizLab   | Paralysed by an air elemental for 1 turns
 70962 | WizLab   | Paralysed by an air elemental for 1 turns
 71086 | WizLab   | Paralysed by an air elemental for 1 turns
 71561 | WizLab   | Paralysed by an air elemental for 1 turns
 71566 | WizLab   | Paralysed by an air elemental for 1 turns
 71762 | WizLab   | Identified the ring "Juxtaoskesch" {MP+9 Str+3 Dex+6 SInv}
 71917 | WizLab   | Got the Encyclopedia of the Zephyr
 72316 | D:11     | Bought a scroll of blinking for 105 gold pieces
 72316 | D:11     | Bought a potion of curing for 42 gold pieces
 72316 | D:11     | Bought 3 curare-tipped darts for 50 gold pieces
 72316 | D:11     | Bought a wand of mindburst (5) for 98 gold pieces
 72941 | D:11     | Bought a spiked robe for 216 gold pieces
 72941 | D:11     | Identified the +0 robe "Fiohy" {rCorr} (You bought it in a
                  | shop on level 11 of the Dungeon)
 73102 | Orc:2    | Bought a twisted robe for 136 gold pieces
 73102 | Orc:2    | Identified the +0 robe "Goekuigo" {MP+9} (You bought it in
                  | a shop on level 2 of the Orcish Mines)
 73256 | D:11     | Upgraded the game from 0.32-a0-699-g1ee5eff69a to
                  | 0.32-a0-705-g60f233581c
 73928 | Vaults:4 | Reached skill level 10 in Stealth
 74566 | Vaults:4 | Found Rexedatoess's General Store.
 74581 | Vaults:4 | Bought a scroll of teleportation for 57 gold pieces
 74581 | Vaults:4 | Bought a potion of curing for 57 gold pieces
 74581 | Vaults:4 | Bought 2 curare-tipped darts for 45 gold pieces
 74581 | Vaults:4 | Bought a scroll of teleportation for 57 gold pieces
 74838 | Vaults:5 | Entered Level 5 of the Vaults
 74844 | Vaults:5 | Reached skill level 15 in Conjurations
 74844 | Vaults:5 | Gained mutation: You can hurl damnation. [demonic ancestry]
 74844 | Vaults:5 | Reached XP level 22. HP: 101/166 MP: 42/42
 74888 | Vaults:5 | Reached skill level 16 in Conjurations
 75251 | Slime:2  | Noticed Dissolution
 75329 | Slime:1  | Learned a level 7 spell: Orb of Destruction
 75340 | Slime:2  | Gained mutation: You are vulnerable to heat. (rF-) [a
                  | shining eye]
 75342 | Slime:2  | Gained mutation: Your spells are a little easier to cast,
                  | but a little less powerful. [a shining eye]
 75343 | Slime:2  | Killed Dissolution
 75343 | Slime:2  | Paralysed by a formless jellyfish for 1 turns
 75444 | Slime:2  | Paralysed by a formless jellyfish for 1 turns
 75454 | Slime:2  | Paralysed by a formless jellyfish for 1 turns
 75480 | Slime:2  | Gained mutation: You occasionally lose the ability to drink
                  | potions when taking damage. [mutagenic glow]
 75555 | Slime:2  | Gained mutation: You are agile. (Dex +4, Str/Int -1) [a
                  | shining eye]
 75609 | Slime:1  | Paralysed by a formless jellyfish for 1 turns
 76893 | Slime:3  | You are sucked into a shaft and drop 1 floor!
 77058 | Slime:4  | Gained mutation: You are dopey. (Int -2) [a shining eye]
 77677 | Slime:5  | Entered Level 5 of the Pits of Slime
 77746 | Slime:5  | Lost mutation: You are agile. (Dex +4, Str/Int -1) [a
                  | shining eye]
 78043 | Slime:5  | Gained mutation: Your magical capacity is low. (-10% MP) [a
                  | shining eye]
 78319 | Slime:5  | Noticed the Royal Jelly
 78427 | Slime:5  | Found a viscous altar of Jiyva.
 78724 | Slime:5  | Killed the Royal Jelly
 79593 | Slime:5  | Identified the +6 chain mail "Ebyjeheh" {Fly Str+2 Int+3}
 79613 | Slime:5  | Got the Anthology of Exothermic Gloom
 79621 | Slime:5  | Identified the ring "Vycsekiw" {rElec rF+ rN+ Dex+6}
 79627 | Slime:5  | Identified the ring "Ludiun" {rElec rPois rF- Dex+6}
 79640 | Slime:5  | Identified the staff "Murmur" {Int-2 Dex+7 Conj Earth}
 79666 | Slime:5  | Identified the +2 dagger "Rilitov" {drain, ^Drain rF++
                  | Will++}
 79668 | Slime:5  | Got a slimy rune of Zot
 79708 | Slime:5  | Identified the ring "Rorch" {Wiz rPois Dex+5}
 79721 | Slime:5  | Identified the +5 great sword of Imbalance {holy, ^Fragile
                  | rF+ Dex+4 Stlth+}
 79735 | Slime:5  | Identified the +10 spear of Destiny {flame, rElec rC-
                  | Str+3}
 79841 | Slime:5  | Lost mutation: Your spells are a little easier to cast, but
                  | a little less powerful. [potion of mutation]
 79841 | Slime:5  | Lost mutation: You are dopey. (Int -2) [potion of mutation]
 79841 | Slime:5  | Gained mutation: Your body sometimes deteriorates upon
                  | taking damage. [potion of mutation]
 80149 | D:9      | Lost mutation: You occasionally lose the ability to drink
                  | potions when taking damage. [potion of mutation]
 80149 | D:9      | Lost mutation: Your magical capacity is low. (-10% MP)
                  | [potion of mutation]
 80149 | D:9      | Gained mutation: Your muscles are strong. (Str +4, Int/Dex
                  | -1) [potion of mutation]
 80149 | D:9      | Gained mutation: You possess an exceptional clarity of
                  | mind. [potion of mutation]
 80150 | D:9      | Lost mutation: You possess an exceptional clarity of mind.
                  | [potion of mutation]
 80150 | D:9      | Lost mutation: Your body sometimes deteriorates upon taking
                  | damage. [potion of mutation]
 80150 | D:9      | Gained mutation: You have large cloven feet. [potion of
                  | mutation]
 80151 | D:9      | Lost mutation: Your muscles are strong. (Str +4, Int/Dex
                  | -1) [potion of mutation]
 80151 | D:9      | Lost mutation: You are vulnerable to heat. (rF-) [potion of
                  | mutation]
 80151 | D:9      | Lost mutation: You have large cloven feet. [potion of
                  | mutation]
 80151 | D:9      | Gained mutation: You have sharp toenails. [potion of
                  | mutation]
 80151 | D:9      | Gained mutation: You sometimes lose your temper in combat.
                  | [potion of mutation]
 80151 | D:9      | Gained mutation: Your spells are a little easier to cast,
                  | but a little less powerful. [potion of mutation]
 80152 | D:9      | Lost mutation: Your spells are a little easier to cast, but
                  | a little less powerful. [potion of mutation]
 80152 | D:9      | Lost mutation: You have sharp toenails. [potion of
                  | mutation]
 80152 | D:9      | Gained mutation: You are clumsy. (Dex -2) [potion of
                  | mutation]
 80152 | D:9      | Lost mutation: You sometimes lose your temper in combat.
                  | [potion of mutation]
 80152 | D:9      | Gained mutation: You are resistant to electric shocks.
                  | (rElec) [potion of mutation]
 80900 | Vaults:5 | Reached XP level 23. HP: 150/177 MP: 31/44
 80906 | Vaults:5 | Noticed a dread lich
 80911 | Vaults:5 | Paralysed by a dread lich for 5 turns
 80912 | Vaults:5 | Killed a dread lich
 81128 | Vaults:5 | Identified the amulet "Mutaj" {Acrobat Rampage rF+ rC+
                  | Int-5}
 81331 | Vaults:5 | Identified the +11 flail of Vikaly {flame, rC+ MP+9 Str+3}
 81727 | Vaults:5 | Identified the +2 cloak "Dabiv" {+Blink rPois Will- Regen+}
 82273 | Vaults:5 | Got a silver rune of Zot
 82551 | Vaults:5 | Reached skill level 15 in Fighting
 82579 | Vaults:5 | Noticed an ancient lich
 82815 | Vaults:5 | Found Postyevo's Jewellery Shoppe.
 82819 | Vaults:5 | Found Fyocas's Distillery.
 82833 | Vaults:5 | Bought a potion of heal wounds for 105 gold pieces
 82833 | Vaults:5 | Bought a potion of heal wounds for 105 gold pieces
 82833 | Vaults:5 | Bought a potion of might for 84 gold pieces
 82833 | Vaults:5 | Bought a potion of brilliance for 84 gold pieces
 82950 | Vaults:5 | Killed an ancient lich
 83824 | Vaults:4 | Upgraded the game from 0.32-a0-705-g60f233581c to
                  | 0.32-a0-732-ga344392067
 84045 | Depths:1 | Entered Level 1 of the Depths
 84045 | Depths:1 | Found a one-way gateway to a ziggurat.
 84114 | Depths:1 | Found Dionn's Antique Armour Emporium.
 84341 | Depths:1 | Found a shimmering blue altar of Sif Muna.
 84432 | Depths:1 | Identified the +0 leather armour of Vusaptut {*Corrode rF-
                  | rN+++ Str+4}
 84582 | Depths:1 | Reached skill level 17 in Conjurations
 84791 | Depths:1 | Reached skill level 1 in Shields
 84953 | Depths:1 | Found a gateway to Hell.
 86184 | Depths:2 | Reached skill level 5 in Shields
 86184 | Depths:2 | Reached skill level 1 in Ice Magic
 86295 | Depths:2 | Found a runed translucent gate.
 86295 | Depths:2 | Found an ancient bone altar of Kikubaaqudgha.
 86296 | Depths:2 | Found a runed translucent gate.
 86296 | Depths:2 | Found a runed translucent gate.
 86296 | Depths:2 | Noticed a dread lich
 86296 | Depths:2 | Noticed Heokhletz's ghost (veteran OnGl)
 86296 | Depths:2 | Noticed Deaqeck's ghost (veteran DgCj)
 86298 | Depths:2 | Noticed a dread lich
 86358 | Depths:2 | Found a one-way gate leading to the halls of Pandemonium.
 86678 | Depths:2 | Found Vigulifu's Magic Scroll Emporium.
 86794 | Depths:2 | Bought a scroll of teleportation for 60 gold pieces
 86794 | Depths:2 | Bought a scroll of poison for 80 gold pieces
 86794 | Depths:2 | Bought a scroll of teleportation for 60 gold pieces
 86794 | Depths:2 | Bought a scroll of revelation for 150 gold pieces
 86794 | Depths:2 | Bought a scroll of teleportation for 60 gold pieces
 86794 | Depths:2 | Bought a scroll of poison for 80 gold pieces
 86824 | Depths:2 | Found a one-way gate to the infinite horrors of the Abyss.
 87452 | Depths:3 | Reached XP level 24. HP: 200/200 MP: 26/45
 88203 | Depths:3 | Found a radiant altar of Vehumet.
 88208 | Depths:3 | Noticed the Enchantress
 88217 | Depths:3 | Killed the Enchantress
 88365 | Depths:3 | Identified the +4 scale mail of Peak {-Tele +Inv Str+2
                  | Stlth+}
 88714 | Depths:4 | Entered Level 4 of the Depths
 89290 | Depths:4 | Reached skill level 5 in Ice Magic
 89847 | Depths:4 | Reached skill level 5 in Evocations
 90728 | Depths:4 | Found a gate to the Realm of Zot.
 90738 | Depths:4 | Identified the +1 buckler of the Avant Garde God {Str+3
                  | Dex+3 Stlth+}
 91044 | Depths:4 | Identified the +9 hand cannon of Breach {penet, Str+7}
 91121 | Zot:1    | Entered Level 1 of the Realm of Zot
 91171 | Zot:1    | Noticed Grunn
 91450 | Zot:1    | Killed Grunn
 91604 | Zot:1    | Reached skill level 18 in Conjurations
 92249 | Zot:1    | Noticed a Killer Klown
 92663 | Zot:1    | Noticed an orb of fire
 92670 | Zot:1    | Gained mutation: You are vulnerable to heat. (rF-) [an orb
                  | of fire]
 92671 | Zot:1    | Killed an orb of fire
 92706 | Zot:1    | Found a transporter.
 92738 | Zot:1    | Identified the +0 cloak "Beratriush" {rPois Will+}
 92739 | Zot:1    | Found a bloodstained altar of Trog.
 92739 | Zot:1    | Noticed Uzask's ghost (master HuWn)
 92767 | Zot:1    | Found a transporter.
 92787 | Zot:1    | Identified the +2 cloak "Zounim" {*Corrode rN+ Str+5}
 92926 | Zot:1    | Found a transporter.
 92978 | Zot:1    | Killed a Killer Klown
 93534 | Zot:1    | Reached skill level 19 in Conjurations
 94313 | Zot:1    | Bought a potion of might for 76 gold pieces
 94313 | Zot:1    | Bought 2 potions of heal wounds for 190 gold pieces
 94313 | Zot:1    | Bought 2 potions of might for 152 gold pieces
 94313 | Zot:1    | Bought a potion of haste for 190 gold pieces
 94627 | Zot:2    | Gained mutation: A meltable icy envelope protects you from
                  | harm. (AC +8) [demonic ancestry]
 94627 | Zot:2    | Reached XP level 25. HP: 206/206 MP: 15/45
 95736 | Zot:3    | Reached skill level 20 in Conjurations
 96406 | Lair:3   | Killed MirrMurr's ghost
 96614 | Lair:5   | Killed Anuggach's ghost
 96805 | Spider:3 | Killed Motium's ghost
 96925 | Spider:3 | Lost mutation: You are clumsy. (Dex -2) [potion of
                  | mutation]
 96925 | Spider:3 | Lost mutation: You are vulnerable to heat. (rF-) [potion of
                  | mutation]
 96925 | Spider:3 | Gained mutation: You have a somewhat thin skeletal
                  | structure. (Dex +2, Stealth+) [potion of mutation]
 96925 | Spider:3 | Gained mutation: Your spells are a little harder to cast,
                  | but a little more powerful. [potion of mutation]
 98051 | Zot:2    | Learned a level 6 spell: Permafrost Eruption
 98355 | Zot:2    | Learned a level 3 spell: Stone Arrow
 98761 | Zot:3    | Identified the +0 leather armour "Gawkihosh" {rC+}
 99414 | Zot:4    | Reached skill level 15 in Air Magic
101135 | Zig:1    | Entered Level 1 of a ziggurat
101155 | Zig:1    | Identified the +10 plate armour "Lituriud" {rF- rN++ Will-
                  | rCorr}
101163 | Zig:2    | Entered Level 2 of a ziggurat
101227 | Zig:3    | Entered Level 3 of a ziggurat
101353 | Zig:4    | Entered Level 4 of a ziggurat
101410 | Zig:4    | Got the Folio of the Fateful Blizzard
101426 | Zig:4    | Gained mutation: You are completely covered in rugged brown
                  | scales. (AC +3, +7% HP) [demonic ancestry]
101426 | Zig:4    | Reached XP level 26. HP: 206/218 MP: 45/45
101443 | Zig:5    | Entered Level 5 of a ziggurat
101635 | Zig:5    | Acquired 574 gold pieces
101639 | Zig:5    | Acquired the Treatise on Sublimation and Pyromania
101649 | Zig:5    | Learned a level 4 spell: Ignite Poison
101662 | Zig:6    | Entered Level 6 of a ziggurat
101776 | Zig:6    | Gained mutation: You are completely covered in sharp
                  | spines. [demonic ancestry]
101776 | Zig:6    | Reached XP level 27. HP: 224/224 MP: 45/45
101783 | Zig:7    | Entered Level 7 of a ziggurat
101868 | Zig:8    | Entered Level 8 of a ziggurat
101877 | Zig:8    | Noticed a dread lich
101884 | Zig:8    | Killed a dread lich
101885 | Zig:8    | Reached skill level 21 in Conjurations
101956 | Zig:8    | Identified the ring of Temptation {Wiz Dex+2 Slay+5}
101967 | Zig:8    | Identified the staffair "Acarine's Bane" {rElec Int+3 Dex+3
                  | Air}
102001 | Zig:9    | Entered Level 9 of a ziggurat
102111 | Zig:10   | Entered Level 10 of a ziggurat
102276 | Zig:10   | Identified the ring "Retiotol" {rCorr Str+4 Int+6}
102280 | Zig:10   | Identified the ring "Dank" {rF++ rN+ EV+5 Stlth-}
102337 | Zig:11   | Entered Level 11 of a ziggurat
102381 | Zig:11   | Reached skill level 22 in Conjurations
102563 | Zig:11   | Identified the ring of Descent {Fly rF- Dex+2 SInv}
102578 | Zig:11   | Identified the +3 dagger "Lucyor" {spect, ^Fragile rN+
                  | Dex+5 SInv}
102614 | Zig:12   | Entered Level 12 of a ziggurat
102690 | Zig:12   | Identified the +9 chain mail "Bisitaar" {Str+6 Dex+2}
102691 | Zig:12   | Identified the +3 quick blade of Twilight {flame, rN++
                  | Dex+3}
102696 | Zig:12   | Identified the staffair "Ollem" {^Fragile rElec rN+ Summ
                  | Ice Air}
102823 | Zig:13   | Entered Level 13 of a ziggurat
102848 | Zig:13   | Learned a level 7 spell: Spellforged Servitor
102900 | Zig:13   | Gained mutation: You occasionally shout uncontrollably at
                  | your foes. [mutagenic glow]
102903 | Zig:13   | Identified the staffconjuration "Xehaf" {rPois MP+9 Conj}
102906 | Zig:14   | Entered Level 14 of a ziggurat
102931 | Zig:14   | Noticed Beemin the pandemonium lord
102932 | Zig:14   | Gained mutation: You occasionally lose the ability to read
                  | scrolls when taking damage. [mutagenic glow]
102933 | Zig:14   | Noticed Caonit the pandemonium lord
102935 | Zig:14   | HP: 11/228 [alligator[a protean progenitor] (37)]
102939 | Zig:14   | Annihilated by a protean progenitor

Illustrated notes

Levels and vault maps discovered:
D:1:      dpeg_arrival_houses_and_road, layout_basic,
          hellmonk_ecumenical_altar_pennies_from_heaven,
          chequers_serial_rivers_micro_c, minmay_close_crescents
D:2:      layout_loops_cross, serial_shops, shop, nicolae_diamond_shop,
          palyth_stone_intersect, chequers_serial_rivers_marsh
D:3:      layout_loops_ring, overflow_temple_1_default,
          mainiacjoe_overflow_alcove_4, nicolae_titane, uniq_natasha
D:4:      layout_loops_ring, cheibrodos_ashenzari_chains, uniq_duvessa
D:5:      layout_basic, slow_altar_1, serial_curves, eino_curves_04,
          eino_curves_02, eino_curves_03, eino_curves_03
D:6:      layout_loops_ring, dancing_weapons_uskayaw, lightli_temple_of_fire,
          grunt_dithmenos_shadows, uniq_edmund
D:7:      layout_loops_ring, nicolae_qazlal_eye_of_the_storm,
          minmay_temple_entry_offerings
D:8:      layout_cave_pools, nicolae_overflow_crystal_walls, tgw_kikubaaqudgha,
          enter_bailey_4, uniq_jeremiah
D:9:      layout_cave_pools, lemuel_round_altar, amcnicky_altar_gilded,
          orc_0_dummy
D:10:     layout_loops_corners, kennysheep_decorative_pillar,
          serial_park_tiny_2, nicolae_lava_and_water,
          chequers_serial_rivers_micro_c
D:11:     layout_irregular_city, dpeg_oklobed_lair, serial_shops, shop,
          uniq_maurice, uniq_sonja
D:12:     layout_roguey
D:13:     layout_long_grid, chequers_serial_rivers_large_a, uniq_erolcha,
          uniq_kirke, uniq_lodul
D:14:     layout_irregular_city, hellmonk_vaults_keyhole,
          kiku_gazebo_garden_becter
D:15:     hellmonk_depths_entry_around_the_bend, layout_loops_ring, hex_tiny
Temple:   nicolae_temple_two_arcs
Lair:1:   layout_roguey, gauntlet_entry_generic
Lair:2:   layout_long_grid, minmay_swamp_entry_reptiles
Lair:3:   layout_hall_layers, hellmonk_spider_entry_not_the_bees,
          gammafunk_ghost_icy, uniq_rupert
Lair:4:   layout_cave_pods, slime_entry_1, beast_lair_carwin_10,
          grunt_megastairs_5, infiniplex_staircase_pool, lemuel_fruit_tree
Lair:5:   gammafunk_lair_ancient_temple, layout_misc_corridors,
          ebering_ghost_rock_garden, basic_altar, serial_bayou_pond_b
Swamp:1:  layout_basic_swamp, evilmike_swamp_ruin_house_1, swamp_pool_1_2,
          uniq_jorgrun
Swamp:2:  nicolae_swamp_ascending_descending, layout_basic_swamp,
          evilmike_swamp_ruin_house_2, swamp_pool_5, nicolae_swamp_baby_hydras
Swamp:3:  layout_basic_swamp, evilmike_swamp_ruin_house_3
Swamp:4:  swamp, layout_basic_swamp, swamp_pool_1_2,
          nicolae_swamp_thats_no_hydra
Spider:1: spiders_nest_scorpion_pit, hangedman_spider_tarantella_strand,
          uniq_nikola
Spider:2: layout_spider_delve
Spider:3: cheibrodos_forgotten_conduit, gammafunk_ghost_necromancy,
          uniq_mlioglotl, uniq_aizul, uniq_louise
Spider:4: spider_rune_water
Slime:1:  layout_caves
Slime:2:  layout_caves, dissolution_awaits
Slime:3:  layout_caves, cheibrodos_slime_lost_civilization_6
Slime:4:  cheibrodos_slime_lost_civilization_1, layout_caves,
          nicolae_slime_ancient_tower_intersection
Slime:5:  slime_pit
Orc:1:    layout_caves
Orc:2:    kennysheep_orc_mage_school, layout_caves, abandoned_shop
Elf:1:    nicolae_elf_arrival_fired_up, layout_loops_ring, serial_glass,
          glass_columns_c, glass_columns_b, due_unseen_surprise,
          guppyfry_library_mini
Elf:2:    nicolae_elf_blades_crystal_corner, layout_loops_ring
Elf:3:    minmay_elf_hall_not_hex, layout_loops_cross, serial_shops, shop
Vaults:1: nicolae_vaults_storage_room_glass, nicolae_vaults_more_shelving_1,
          nicolae_vaults_little_ls, hangedman_vaults_hat,
          nicolae_vaults_diagonal_hallway_6, ontoclasm_vaults_claustrophobia,
          nicolae_vaults_little_squares_1, nicolae_vaults_double_plus_3,
          ontoclasm_vaults_fault, nicolae_vaults_storage_closets_2,
          ontoclasm_vaults_spin, hangedman_vaults_restitches,
          grunt_vaults_focal, layout_vaults_maze_bifur
Vaults:2: vaults_standard_mumra_enter_the_diamond, nicolae_vaults_house_3,
          nicolae_vaults_lopsided_apartments, v_rooms_3, v_misc_26,
          nicolae_vaults_circle_grid_b, nicolae_vaults_storage_closets_3,
          vaults_dpeg_encased_lava, hangedman_vaults_restitches,
          vaults_mumra_hex, v_misc_15, nicolae_vaults_apartment_1,
          ontoclasm_vaults_shuriken, layout_vaults_big_room, uniq_bai_suzhen,
          uniq_mara
Vaults:3: v_alt_pattern_3, nicolae_vaults_shipping_containers_7,
          hangedman_vaults_capsules, hangedman_vaults_pinch, v_pattern_5,
          nicolae_vaults_hallways_thing, nicolae_vaults_specimen_jars,
          nicolae_vaults_double_plus_2, v_alt_pattern_5, hangedman_vaults_maws,
          layout_vaults_omnigrid, dummy_crypt_entry, serial_shops,
          nicolae_shop_pleasant_corner_grove, uniq_saint_roka
Vaults:4: mu_enter_wizlab_4, nicolae_vaults_house_2, grunt_vaults_hallway_long,
          nicolae_vaults_border_crossing, v_misc_26,
          nicolae_vaults_weapon_check, v_misc_30, vaults_room_door_ring,
          nicolae_vaults_closet_pinwheel_2, ontoclasm_vaults_ring_small,
          hangedman_vaults_locks, layout_vaults_big_cross, serial_shops,
          nicolae_shop_waterfront
Vaults:5
Depths:1: layout_basic, enter_ziggurat_e, nicolae_sif_muna_condensation,
          lightli_too_deep, kennysheep_small_circle, grunt_megastairs_2
Depths:2: minmay_slanted_spiral_squares, layout_gridlike, hell_entry,
          serial_shops, nicolae_shop_crystal, abyss_entry,
          gammafunk_ghost_crypt, rand_demon_pan_entry_4,
          hangedman_abyss_or_decor_slice
Depths:3: grunt_forest_end_shrine, layout_gridville, abyss_entry,
          infiniplex_staircase_pool_1, hell_entry, minmay_shop_grove
Depths:4: grunt_twist_and_shout, layout_cave_pools, hell_entry,
          minmay_pinched_square
Zot:1:    grunt_zot_stairs_mandelzot, layout_cathedral_of_symmetry,
          gammafunk_ghost_wrathful_warriors, regret_index_zotdec_decaying_vile,
          nicolae_diode_basic, uniq_grunn
Zot:2:    layout_gridville
Zot:3:    layout_onion_interference, hangedman_zot_decor_checkerboard,
          st_stairs_11, zot_minivault_6
Zot:4:    layout_misc_corridors, st_single_dragon_hoard_3,
          regret_index_zotdec_ex
Zig:14

Skill      XL: |  1  2  3  4  5  6  7  8  9 10 11 12 13 14 15 16 17 18 19 20 21 22 23 24 25 26 27 |
---------------+----------------------------------------------------------------------------------+-----
Stealth        | 2 3 5 7 8 10 | 10.0
Fighting       | 1 2 3 4 6 7 8 9 10 11 16 17 | 17.0
Spellcasting   | 3 4 5 7 8 9 10 11 12 15 16 17 18 | 18.0
Alchemy        | 4 5 6 7 9 10 12 14 16 | 16.0
Dodging        | 3 5 7 10 11 12 | 12.0
Fire Magic     | 2 3 8 9 12 | 12.2
Hexes          | 1 3 |  3.0
Air Magic      | 7 10 12 16 17 | 17.2
Short Blades   | 3 5 6 |  6.9
Axes           | 3 5 |  5.0
Summonings     | 4 6 9 |  9.0
Necromancy     | 4 6 8 10 | 10.0
Armour         | 9 10 | 10.0
Conjurations   | 8 10 13 14 15 16 17 19 20 22 | 22.0
Earth Magic    | 6 |  6.0
Translocations | 3 |  3.0
Evocations     | 2 6 |  6.0
Long Blades    | 2 |  2.8
Ranged Weapons | 8 |  8.0
Shields        | 6 9 |  9.3
Ice Magic      | 3 6 |  6.0

Action                     |  1- 3 |  4- 6 |  7- 9 | 10-12 | 13-15 | 16-18 | 19-21 | 22-24 | 25-27 || total
---------------------------+-------+-------+-------+-------+-------+-------+-------+-------+-------++-------
  Melee: Dagger            |    37 |    65 |   163 |   103 |    69 |       |       |       |       ||   437
         Unarmed           |     2 |       |       |       |       |       |       |       |       ||     2
         Mace              |       |       |       |    14 |       |       |       |       |       ||    14
         Trident           |       |       |       |       |     6 |       |       |       |       ||     6
         Rapier            |       |       |       |       |    96 |    85 |   131 |   127 |    70 ||   509
         War axe           |       |       |       |       |    21 |     9 |       |       |       ||    30
         Demon trident     |       |       |       |       |     1 |    15 |       |       |       ||    16
         Hand axe          |       |       |       |       |       |    17 |       |       |       ||    17
   Fire: Sling             |     5 |       |       |       |     7 |       |       |       |       ||    12
         Orcbow            |       |       |       |     8 |       |       |    34 |    42 |       ||    84
  Throw: Javelin           |       |       |       |       |     3 |       |       |       |       ||     3
   Cast: Sting             |    60 |    38 |    50 |     6 |     8 |     7 |       |       |       ||   169
         Olgreb's Toxic Ra |       |       |    55 |   182 |   417 |   319 |   416 |   240 |    43 ||  1672
         Mephitic Cloud    |       |       |       |     3 |    14 |     2 |       |       |       ||    19
         Sticky Flame      |       |       |       |    32 |    86 |   161 |   209 |   232 |    91 ||   811
         Airstrike         |       |       |       |       |    72 |   166 |    87 |    89 |       ||   414
         Yara's Violent Un |       |       |       |       |     2 |     6 |     6 |     3 |     2 ||    19
         Summon Lightning  |       |       |       |       |    22 |   121 |    95 |    90 |     8 ||   336
         Vampiric Draining |       |       |       |       |    13 |     5 |     2 |     9 |       ||    29
         Fireball          |       |       |       |       |       |    67 |    63 |    93 |    41 ||   264
         Apportation       |       |       |       |       |       |     6 |       |       |       ||     6
         Scorch            |       |       |       |       |       |    24 |   129 |   118 |    61 ||   332
         Flame Wave        |       |       |       |       |       |     1 |     2 |     1 |       ||     4
         Martyr's Knell    |       |       |       |       |       |     8 |    18 |    12 |     5 ||    43
         Irradiate         |       |       |       |       |       |       |    16 |    46 |    31 ||    93
         Teleport Other    |       |       |       |       |       |       |     2 |       |       ||     2
         Orb of Destructio |       |       |       |       |       |       |       |   206 |   167 ||   373
         Permafrost Erupti |       |       |       |       |       |       |       |       |    14 ||    14
         Stone Arrow       |       |       |       |       |       |       |       |       |     3 ||     3
         Ignite Poison     |       |       |       |       |       |       |       |       |     5 ||     5
         Spellforged Servi |       |       |       |       |       |       |       |       |     2 ||     2
 Invoke: Call Merchant     |       |       |       |       |     2 |     1 |     3 |     2 |       ||     8
         Potion Petition   |       |       |       |       |     1 |     1 |     2 |     7 |    14 ||    25
  Evoke: Wand              |       |     9 |     7 |    29 |     8 |    10 |     9 |    13 |    13 ||    98
         Phantom mirror    |       |       |       |       |     1 |       |       |       |     1 ||     2
    Use: Scroll            |       |       |     4 |    14 |    16 |     7 |     5 |    16 |    13 ||    75
         Potion            |       |       |       |     5 |     8 |     5 |    16 |    14 |    23 ||    71
   Stab: Sleeping          |     1 |     3 |       |       |     2 |     2 |     1 |       |       ||     9
         Distracted        |       |       |       |     1 |       |     5 |     5 |     3 |     3 ||    17
         Confused          |       |       |       |       |     4 |       |       |       |       ||     4
 Armour: Robe              |    22 |    51 |    43 |       |   103 |       |    58 |   557 |   280 ||  1114
         Steam dragon scal |       |       |    61 |   109 |   182 |       |       |       |       ||   352
         Ring mail         |       |       |       |       |     7 |   491 |   602 |       |       ||  1100
  Dodge: Dodged            |    20 |    33 |   113 |   128 |   295 |   363 |   371 |   375 |   241 ||  1939
  Block: Other             |       |       |    12 |    26 |    61 |    24 |    45 |    58 |       ||   226
         Buckler           |       |       |       |       |       |       |       |   113 |   159 ||   272

Table legend: (Time is in decaauts)
 A = Elapsed time spent in this place.
 B = Non-inter-level travel time spent in this place.
 C = Inter-level travel time spent in this place.
 D = Time resting spent in this place.
 E = Time spent auto-exploring this place.
 F = Levels seen in this place.
 G = Mean time per level.
                   A        B        C        D        E       F      G
               +--------+--------+--------+--------+--------+-----+--------+
         Total | 103255 |  94585 |   8670 |  22627 |   5119 |  69 | 1496.4 |
       Dungeon |  27999 |  24676 |   3323 |   6372 |   3565 |  15 | 1866.6 |
        Temple |     52 |     52 |      0 |      0 |      0 |   1 |   52.0 |
          Lair |  12911 |  11198 |   1713 |   4402 |    292 |   5 | 2582.2 |
         Swamp |   7183 |   6555 |    628 |   1342 |    471 |   4 | 1795.8 |
   Spider Nest |   7163 |   6954 |    209 |   1673 |      0 |   4 | 1790.8 |
    Slime Pits |   5197 |   5143 |     54 |   1221 |      0 |   5 | 1039.4 |
  Orcish Mines |   4210 |   3657 |    553 |   1029 |     96 |   2 | 2105.0 |
   Elven Halls |   4873 |   4436 |    437 |    564 |    200 |   3 | 1624.3 |
        Vaults |  13245 |  12491 |    754 |   2031 |    116 |   5 | 2649.0 |
        Depths |   7694 |   7065 |    629 |   1503 |     82 |   4 | 1923.5 |
           Zot |   8130 |   7761 |    369 |   1508 |    297 |   4 | 2032.5 |
      Ziggurat |   1738 |   1738 |      0 |    288 |      0 |  14 |  124.1 |
        Bailey |   1302 |   1302 |      0 |    586 |      0 |   1 | 1302.0 |
        Wizlab |   1090 |   1090 |      0 |    105 |      0 |   1 | 1090.0 |
      Gauntlet |    460 |    460 |      0 |      0 |      0 |   1 |  460.0 |
               +--------+--------+--------+--------+--------+-----+--------+

Top non-repeatable levels by time:
    D:11: 4284 daAuts
  Lair:4: 3935 daAuts
Vaults:5: 3179 daAuts
Spider:1: 3138 daAuts
   Orc:2: 3097 daAuts
   Zot:1: 3028 daAuts
Vaults:3: 2943 daAuts
    D:14: 2763 daAuts
    D:15: 2632 daAuts
Vaults:2: 2590 daAuts
  Lair:3: 2583 daAuts
   Elf:3: 2474 daAuts
  Lair:2: 2446 daAuts
    D:13: 2409 daAuts
Vaults:4: 2293 daAuts
